 Dungeon Crawl Stone Soup version 0.28-a0-8-g6e044cfa68 (webtiles) character file.

Game seed: 11308215314291273979

49 Sin92 the Skirmisher (level 3, -2/29 HPs)
             Began as a Demonspawn Fighter on July 23, 2021.
             Slain by a gnoll (8 damage)
             ... on level 2 of the Dungeon.
             The game lasted 00:01:44 (1400 turns).

Sin92 the Skirmisher (Demonspawn Fighter)           Turns: 1400, Time: 00:01:45

Health: -2/29      AC:  9    Str: 17    XL:     3   Next: 53%
Magic:  0/3        EV:  7    Int:  9    God:
Gold:   10         SH:  9    Dex: 12    Spells: 2/2 levels left

rFire   . . .      SeeInvis .   a - +0 war axe
rCold   . . .      Faith    .   c - +0 kite shield
rNeg    . . .      Spirit   +   b - +0 scale mail
rPois   .          Reflect  .   (no helmet)
rElec   .          Harm     .   k - +0 cloak
rCorr   +          Rampage  .   (no gloves)
Will    .....                   (no boots)
Stlth   ..........              e - amulet of guardian spirit
HPRegen 0.09/turn               f - ring of resist corrosion
MPRegen 0.08/turn               (no ring)

@: mighty
A: yellow scales 1, ignite blood 1
a: no special abilities


You were on level 2 of the Dungeon.
You visited 1 branch of the dungeon, and saw 2 of its levels.

You collected 10 gold pieces.

Inventory:

Hand Weapons
 a - a +0 war axe (weapon)
Armour
 b - a +0 scale mail (worn)
 c - a +0 kite shield (worn)
 k - a +0 cloak (worn)
Jewellery
 e - an amulet of guardian spirit (around neck)
 f - a ring of resist corrosion (left hand)
 i - a +6 ring of intelligence
 l - an amulet of reflection
Scrolls
 h - 3 scrolls of identify {unknown}
Potions
 g - a potion of degeneration {unknown}
 j - a potion of flight {unknown}


   Skills:
 + Level 3.2 Fighting
 * Level 2.5 Axes
 + Level 3.0 Armour
 + Level 0.9 Dodging
 + Level 3.0 Shields


You had 2 spell levels left.
You didn't know any spells.
Your spell library contained the following spells:

 Spells                   Type           Power      Damage    Failure   Level
 Summon Small Mammal      Summ           0%         N/A       99%         1
 Static Discharge         Conj/Air       0%         N/A       100%        2
 Call Canine Familiar     Summ           0%         N/A       100%        3
 Summon Guardian Golem    Hex/Summ       0%         N/A       100%        3
 Lightning Bolt           Conj/Air       0%         1d11      100%        5
 Maxwell's Capacitive Co  Air            0%         ∞         100%        8


Dungeon Overview and Level Annotations

Branches:
Dungeon (2/15)

Altars:


Innate Abilities, Weirdness & Mutations

You are partially covered in yellow scales. (AC +2)
Your demonic aura sometimes causes spilled blood to erupt in flames.


Message History

Found a hunting sling.
No target in view! 2 gnolls come into view.
The gnoll shouts!
You hear a shout!
A gnoll comes into view. It is wielding a +0 halberd.
You hear a shout!
Unknown command.
A worm comes into view.
Unknown command.
There are monsters nearby!
You hit the gnoll but do no damage. You block the gnoll's attack.
A goblin comes into view. It is wielding a +0 club.
The gnoll closely misses you. The gnoll hits you with a +0 whip.
Unknown command.
There are monsters nearby!
You closely miss the gnoll.
The gnoll hits you from afar with a +0 halberd.
The gnoll barely misses you. The gnoll hits you with a +0 whip.
Unknown command.
There are monsters nearby!
You completely miss the gnoll.
Your shield prevents you from hitting the gnoll.
The gnoll hits you with a +0 whip. You block the gnoll's attack.
The gnoll closely misses you. The gnoll barely misses you.
You block the gnoll's attack. The gnoll hits you with a +4 flail!
* * * LOW HITPOINT WARNING * * *
Unknown command.
There are monsters nearby!
You are too injured to fight recklessly!
There are monsters nearby!
You are too injured to fight recklessly!
Unknown command.
You are too injured to fight recklessly!
Unknown command.
There are monsters nearby!
You feel very mighty all of a sudden.
You slice the gnoll!!
You kill the gnoll!
The gnoll hits you from afar with a +0 halberd!
You die...

##... #.. ## .. .....#
#..# ..##.# ####.< #..#
..... ### #..# #...# #
#.###..# #...##### #
.....# #........####
###..######............
#...g)@.......####.####
#...g#####.......#.....
#....# ##...##.....#.
#.w.## #...# #......
....g ##.###..##...
#.#w.. ##.###.# #... ..
.... #####......# #...
. ##...
#.).....######...
#...#...###.###........


You could see a worm and 2 gnolls.

Vanquished Creatures
  An adder (D:2)
  A gnoll (D:2)
  5 bats
  3 endoplasms (D:1)
  3 giant cockroaches
  6 goblins
  5 hobgoblins (D:1)
  3 jackals (D:1)
  A quokka (D:2)
  3 ball pythons (D:1)
  2 kobolds (D:1)
  4 rats (D:1)
37 creatures vanquished.

Notes
Turn   | Place    | Note
-------+----------+-------------------------------------------
     0 | D:1      | Sin92 the Demonspawn Fighter began the quest for the Orb.
     0 | D:1      | Reached XP level 1. HP: 18/18 MP: 1/1
   170 | D:1      | Gained mutation: Your demonic aura sometimes causes spilled
                  | blood to erupt in flames. [demonic ancestry]
   170 | D:1      | Reached XP level 2. HP: 12/24 MP: 2/2
   394 | D:1      | Found a faded altar of an unknown god.
   804 | D:1      | Gained mutation: You are partially covered in yellow
                  | scales. (AC +2) [demonic ancestry]
   804 | D:1      | Reached XP level 3. HP: 29/29 MP: 3/3
  1400 | D:2      | Slain by a gnoll

Illustrated notes

Levels and vault maps discovered:
D:1:      eino_arrival_water_star, layout_basic,
          shapermc_ecumenical_altar_totnotflames, minmay_three_crescents
D:2:      layout_rooms, minmay_surrounded

Skill      XL: |  1  2  3 |
---------------+----------+-----
Axes           | 2 |  2.5
Armour         | 3 |  3.0
Shields        | 3 |  3.0
Fighting       | |  3.2
Dodging        | |  0.9

Action                   || total
-------------------------++-------
Melee: War axe           ||    92
  Use: Potion            ||     1
Armor: Scale mail        ||    61
Dodge: Dodged            ||    29
Block: Kite shield       ||    60

Table legend: (Time is in decaauts)
 A = Elapsed time spent in this place.
 B = Non-inter-level travel time spent in this place.
 C = Inter-level travel time spent in this place.
 D = Time resting spent in this place.
 E = Time spent auto-exploring this place.
 F = Levels seen in this place.
 G = Mean time per level.
                   A        B        C        D        E       F      G
               +--------+--------+--------+--------+--------+-----+--------+
         Total |   1458 |   1436 |     22 |    165 |    975 |   2 |  729.0 |
       Dungeon |   1458 |   1436 |     22 |    165 |    975 |   2 |  729.0 |
               +--------+--------+--------+--------+--------+-----+--------+

Top non-repeatable levels by time:
     D:1: 1118 daAuts
     D:2: 339 daAuts
